 Dungeon Crawl Stone Soup version 0.21.0-25-ge575cb9 (webtiles) character file.

800 Inarius the Chiller (level 7, -1/52 HPs)
             Began as a Green Draconian Ice Elementalist on Jan 24, 2018.
             Was an Initiate of Nemelex Xobeh.
             Killed by nerve-wracking pain
             ... invoked by an orc priest
              (11 damage)
             ... on level 5 of the Dungeon.
             The game lasted 00:13:35 (5069 turns).

Inarius the Chiller (DrIE)                          Turns: 5069, Time: 00:13:36

Health: -1/52      AC: 12    Str: 10    XL:     7   Next: 59%
Magic:  13/13      EV: 13    Int: 18    God:    Nemelex Xobeh [......]
Gold:   197        SH:  0    Dex: 11    Spells: 2/14 levels left

rFire    . . .     SeeInvis .   g - +2 spear (venom)
rCold    . . .     Gourm    .   (no shield)
rNeg     . . .     Faith    +   (armour unavailable)
rPois    +         Spirit   .   (helmet restricted)
rElec    .         Reflect  .   (no cloak)
rCorr    +         Harm     .   (no gloves)
MR       .....                  (no boots)
Stlth    ++........             u - amulet of faith
HPRegen  0.17/turn              v - ring of resist corrosion
MPRegen  0.13/turn              (no ring)

@: icy armour, drained, slow
A: breathe noxious fumes, unfitting armour, poison resistance, cold-blooded, AC
+6
a: Breathe Noxious Fumes, Renounce Religion


You were on level 5 of the Dungeon.
You worshipped Nemelex Xobeh.
Nemelex Xobeh was noncommittal.
You were hungry.

You visited 1 branch of the dungeon, and saw 5 of its levels.

You collected 197 gold pieces.

Inventory:

Hand Weapons
 g - a +2 spear of venom (weapon)
 n - a +2 dagger of holy wrath
Jewellery
 u - an amulet of faith (around neck)
 v - a ring of resist corrosion (left hand)
Wands
 w - a wand of flame (14)
 z - a wand of random effects (15)
Scrolls
 a - a scroll of fog {unknown}
 f - a scroll of immolation {unknown}
 h - 3 scrolls of magic mapping {unknown}
 i - 3 scrolls of remove curse
 j - a scroll of noise {unknown}
 k - a scroll of enchant weapon {unknown}
 m - 2 scrolls of amnesia {unknown}
 p - a scroll of random uselessness {unknown}
 q - a scroll of teleportation {unknown}
 t - 2 scrolls of enchant armour {unknown}
 y - a scroll of identify
Potions
 c - a potion of lignification
 d - 3 potions of curing
 e - 2 potions of resistance
 l - a potion of ambrosia
 o - 2 potions of flight
 s - a potion of mutation
 x - a potion of haste
Miscellaneous
 r - a plain deck of escape
Comestibles
 b - 11 rations
 A - 2 chunks of flesh


   Skills:
 + Level 1.6(1.5) Fighting
 - Level 0.7(0.6) Short Blades
 + Level 3.2(3.0) Dodging
 - Level 1.7(1.6) Stealth
 + Level 4.2(4.0) Spellcasting
 * Level 3.0(2.8) Conjurations
 + Level 0.5(0.4) Charms
 * Level 6.1(5.9) Ice Magic
 * Level 1.4(1.3) Invocations


You had 2 spell levels left.
You knew the following spells:

 Your Spells              Type           Power        Failure   Level  Hunger
a - Freeze                Ice            ####         1%          1    None
b - Ozocubu's Armour      Chrm/Ice       ###.....     12%         3    ###....
c - Throw Icicle          Conj/Ice       ###.....     24%         4    ####...
d - Summon Ice Beast      Ice/Summ       ##......     38%         4    ####...


Dungeon Overview and Level Annotations

Branches:
Dungeon (5/15)
 Temple: D:4-7

Altars:
Cheibriados
Fedhas
Nemelex Xobeh
Okawaru
Sif Muna
Trog
Uskayaw


Innate Abilities, Weirdness & Mutations

You can breathe blasts of noxious fumes.
Your lurid green scales are hard. (AC +6)
You cannot fit into any form of body armour.
Your system is resistant to poisons. (rPois)
You are cold-blooded and may be slowed by cold attacks.


Message History

Evoke which item? (* to show all) (? for menu, Esc to quit)
Attack whom?
Press: ? - help, Dir - move target cursor, f/p - orc
Aim: an orc, wielding a trident You reach to attack!
You hit the orc.
The orc is poisoned.
The orc is severely wounded.
The orc hits you but does no damage.
You open the door. The orc closely misses you.
There is an open door here.
You kill the orc!
You close the door.
An orc priest opens the door.
The orc priest calls down the wrath of Beogh upon you.
Beogh smites you!
* * * LOW HITPOINT WARNING * * *
There is an open door here.
The orc priest invokes the aid of Beogh against you.
Pain shoots through your body!
You die...
Your body disappears without a glow.

#####..###.# #. #......#
##. ##.##### ## ##)##
#### ##...## #... ####
##.....## #.## ...#
##.......## ## #...
...###.........####...##
####..#
.....'.........'@.......
....(..
...###.........####...##
###... ...# ##.......##
## #... #..# ##....o##
#### ...# ##..o## ##.#
##'## ...# #.# ### ####
#)########## #..
##.#..o.o...# #.⌠


You could see 2 orc priests.

Vanquished Creatures
  An ice beast (D:5)
  An ogre (D:4)
  A hound (D:5)
  3 crimson imps (D:5)
  A quasit (D:5)
  2 orc wizards
  2 iguanas (D:4)
  6 worker ants
  2 hound skeletons
  5 adders
  A howler monkey skeleton (D:4)
  2 oozes
  6 worms
  3 leopard geckos
  18 orcs
  A giant cockroach (D:2)
  4 goblins
  8 hobgoblins
  4 jackals (D:3)
  3 quokkas
  2 ball pythons
  4 bats
  6 frilled lizards
  5 kobolds
  24 rats
115 creatures vanquished.

Notes
Turn   | Place    | Note
-------+----------+-------------------------------------------
     0 | D:1      | Inarius the Draconian Ice Elementalist began the quest for the Orb.
     0 | D:1      | Reached XP level 1. HP: 14/14 MP: 3/3
   410 | D:1      | Reached XP level 2. HP: 19/20 MP: 1/5
   972 | D:2      | Found a hide-covered altar of Uskayaw.
  1074 | D:2      | Reached XP level 3. HP: 20/26 MP: 2/6
  1246 | D:2      | Reached skill level 4 in Ice Magic
  1543 | D:2      | Learned a level 3 spell: Ozocubu's Armour
  1629 | D:2      | Reached XP level 4. HP: 33/33 MP: 7/7
  1780 | D:2      | Noticed a moth of wrath
  1783 | D:2      | Found a bloodstained altar of Trog.
  2458 | D:3      | Learned a level 4 spell: Throw Icicle
  2658 | D:3      | Found a blossoming altar of Fedhas.
  2952 | D:4      | Reached XP level 5. HP: 38/39 MP: 9/9
  2978 | D:4      | Noticed an ogre
  2991 | D:4      | Killed an ogre
  3090 | D:4      | Reached skill level 5 in Ice Magic
  3130 | D:4      | Found a deep blue altar of Sif Muna.
  3253 | D:4      | Reached XP level 6. HP: 46/46 MP: 8/11
  3451 | D:4      | Learned a level 4 spell: Summon Ice Beast
  3871 | D:4      | Reached skill level 1 in Fighting
  4160 | D:5      | Entered Level 5 of the Dungeon
  4255 | D:5      | Found a snail-covered altar of Cheibriados.
  4372 | D:5      | Noticed a water moccasin
  4384 | D:5      | Found a sparkling altar of Nemelex Xobeh.
  4391 | D:5      | Became a worshipper of Nemelex Xobeh the Trickster
  4481 | D:5      | Received a gift from Nemelex Xobeh
  4577 | D:5      | Your scales start taking on a lurid green colour.
  4577 | D:5      | Reached XP level 7. HP: 52/52 MP: 8/12
  4577 | D:5      | Gained mutation: Your system is resistant to poisons. (rPois) [Green Draconian growth]
  4640 | D:5      | Found an iron altar of Okawaru.
  4838 | D:5      | Reached skill level 6 in Ice Magic
  4838 | D:5      | Reached skill level 1 in Invocations
  5069 | D:5      | Killed from afar by an orc priest

Skill      XL: |  1  2  3  4  5  6  7 |
---------------+----------------------+-----
Dodging        | 2 3 |  3.2
Ice Magic      | 4 5 6 |  6.1
Spellcasting   | 3 4 |  4.2
Conjurations   | 2 3 |  3.0
Fighting       | 1 |  1.6
Invocations    | 1 |  1.4
Short Blades   | |  0.7
Stealth        | |  1.7
Charms         | |  0.5

Action                   |  1- 3 |  4- 6 |  7- 9 || total
-------------------------+-------+-------+-------++-------
Melee: Short sword       |    32 |       |       ||    32
       Unarmed           |     3 |       |       ||     3
       Tailslap          |     1 |    14 |     6 ||    21
       Spear             |     8 |   227 |    66 ||   301
 Cast: Freeze            |    39 |    16 |     7 ||    62
       Ozocubu's Armour  |       |     8 |     2 ||    10
       Throw Icicle      |       |     1 |       ||     1
  Use: Scroll            |       |     9 |       ||     9
 Stab: Sleeping          |     1 |     3 |     2 ||     6
       Distracted        |       |     1 |       ||     1
  Eat: Chunk             |     3 |    10 |     2 ||    15
Armor: Skin              |    21 |    78 |    31 ||   130
Dodge: Dodged            |    50 |   130 |    50 ||   230
